 Dungeon Crawl Stone Soup version 0.31-a0-177-g4aa6249778 (webtiles) character file.

Game seed: 6973445199113485683

52 qw the Chopper (level 3, -2/23 HPs)
             Began as a Gargoyle Fighter on June 18, 2023.
             Slain by a goblin
             ... wielding a +0 mace
              (4 damage)
             ... on level 2 of the Dungeon.
             The game lasted 00:00:42 (1527 turns).

qw the Chopper (Gargoyle Fighter)                   Turns: 1527, Time: 00:00:43

Health: -2/23      AC: 10    Str: 21    XL:     3   Next: 85%
Magic:  3/3        EV:  9    Int:  8    God:
Gold:   61         SH:  4    Dex:  9    Spells: 2/2 levels left

rFire   + . .        Y - +0 war axe
rCold   + . .        c - +0 buckler
rNeg    + . .        b - +0 scale mail
rPois   inf          (no helmet)
rElec   +            (no cloak)
rCorr   .            (no gloves)
SInv    .            (no boots)
Will    .....        (no amulet) Stlth
                     e - ring of protection from fire
HPRegen 0.23/turn    g - ring of protection from cold
MPRegen 0.08/turn

%: no passive effects
@: about to teleport
A: sickness immunity, AC +3, negative energy resistance 1, electricity
resistance, torment resistance 1, petrification resistance
a: no special abilities


You were on level 2 of the Dungeon.
You visited 1 branch of the dungeon, and saw 2 of its levels.

You collected 61 gold pieces.


Innate Abilities, Weirdness & Mutations

You are immune to sickness and miasma.
Your stone body is resilient. (AC +3)
You are immune to poison.
You resist negative energy. (rN+)
You are resistant to electric shocks. (rElec)
You are resistant to unholy torment.
You are immune to petrification.


   Skills:
 - Level 3.2 Fighting
 + Level 3.6 Axes
 - Level 3.2 Armour
 - Level 3.2 Shields


You had 2 spell levels left.
You didn't know any spells.
Your spell library was empty.

Inventory:

Hand Weapons
 k - a +0 club
 Y - a +0 war axe (weapon)
Armour
 b - a +0 scale mail (worn)
 c - a +0 buckler (worn)
Jewellery
 e - a ring of protection from fire (left hand)
 g - a ring of protection from cold (right hand)
 i - a ring of protection from fire
 o - a ring of resist corrosion
Scrolls
 j - a scroll of identify
Potions
 d - a potion of might
 h - 3 potions of lignification
 m - a potion of heal wounds {unknown}
 p - a potion of enlightenment {unknown}

Dungeon Overview and Level Annotations

Branches:
Dungeon (2/15)

Altars:


Message History

Enter note:
Enter note:
Enter note:
Enter note:
Enter note:
Enter note:
Enter note:
Enter note:
Enter note:
Enter note:
Enter note:
Enter note:
Enter note: The goblin unwields a +0 sling.
The goblin wields a +0 mace.
The goblin hits you but does no damage.
Enter note:
Enter note:
Enter note:
Enter note:
Enter note:
Enter note:
Enter note:
Enter note:
Enter note:
Enter note:
Enter note:
Enter note: You closely miss the goblin.
The goblin hits you with a +0 mace.
You barely miss the goblin. The goblin hits you with a +0 mace.
1526 ||| READING scroll of teleportation.
As you read the scroll of teleportation, it crumbles to dust.
You feel strangely unstable. The goblin closely misses you.
You hit the dart slug.
The dart slug is heavily wounded.
You hit the goblin but do no damage. The goblin hits you but does no damage.
The goblin hits you with a +0 mace.
You die...

#.......# #......
#:......# #...... .
#.......# #...... ..
#.......# #...... ...
#.......# #...... ....
#.......# #......
.....#.......#####......
.....)..................
..)...w@.........%....##
......g...............#
......................#
......................#
.........##...........#
#........##...........#
#........##...........#
#........##############


You could see a dart slug and a goblin.

Vanquished Creatures
  An adder (D:2)
  A dart slug (D:1)
  A bat (D:2)
  4 endoplasms
  2 giant cockroaches
  6 goblins
  4 hobgoblins
  4 kobolds
  4 quokkas
  3 ball pythons (D:2)
  4 frilled lizards
  3 rats (D:1)
37 creatures vanquished.

Notes
Turn   | Place    | Note
-------+----------+-------------------------------------------
     0 | D:1      | qw the Gargoyle Fighter began the quest for the Orb.
     0 | D:1      | Reached XP level 1. HP: 14/14 MP: 1/1
     0 | D:1      | 0 ||| qw: Version: 0.3-a-5-g6f28e65
     0 | D:1      | 0 ||| qw: Game counter: 523
     0 | D:1      | 0 ||| qw: Always use a shield: true
     0 | D:1      | 0 ||| qw: God list: Okawaru
     0 | D:1      | 0 ||| qw: Allow faded altars: false
     0 | D:1      | 0 ||| qw: Do Orc after D:15 true
     0 | D:1      | 0 ||| qw: Do second Lair branch before Depths: true
     0 | D:1      | 0 ||| qw: Lair rune preference: random
     0 | D:1      | 0 ||| qw: Plans: Normal, Zot:1-4, Slime:5, God:TSO, Crypt,
                  | Tomb, Abyss, Pan, Hells, Win
     0 | D:1      | 0 ||| PLANNING D:1-11
   489 | D:1      | Reached XP level 2. HP: 19/19 MP: 2/2
   496 | D:1      | 496 ||| FLEEEEING.
   497 | D:1      | 497 ||| FLEEEEING.
   711 | D:1      | Reached skill level 3 in Axes
   758 | D:1      | Reached XP level 3. HP: 18/23 MP: 3/3
  1014 | D:1      | 1014 ||| UPGRADING to ring of protection from fire.
  1015 | D:1      | 1015 ||| UPGRADING to ring of protection from cold.
  1016 | D:1      | 1016 ||| READING 2 scrolls labelled IVUUL VEOLL.
  1021 | D:1      | 1021 ||| READING scroll labelled RIKHLA GASITHRE.
  1022 | D:1      | 1022 ||| READING scroll labelled WYTHRUFI HOLAFY.
  1023 | D:1      | 1023 ||| READING scroll labelled LAUGHU TAENOESIO.
  1024 | D:1      | 1024 ||| READING scroll labelled BUTUYNKEHYCK.
  1025 | D:1      | 1025 ||| DRINKING 3 bubbling clear potions.
  1502 | D:2      | 1502 ||| Stepping ~*~*~tactically~*~*~ (stealth).
  1525 | D:2      | HP: 1/23 [goblin/+0 mace (6)]
  1526 | D:2      | 1526 ||| READING scroll of teleportation.
  1527 | D:2      | Slain by a goblin

Levels and vault maps discovered:
D:1:      matt_arrival_spirals, layout_basic, serial_forest,
          infiniplex_forest_zigzag_2, infiniplex_forest_straight_4,
          infiniplex_forest_clump_small, infiniplex_forest_clump_small,
          infiniplex_forest_clump_tiny, infiniplex_forest_zigzag_2,
          infiniplex_forest_straight_2, minmay_quantized
D:2:      layout_basic

Skill      XL: |  1  2 |
---------------+-------+-----
Axes           | 2 3 |  3.6
Fighting       | |  3.2
Armour         | |  3.2
Shields        | |  3.2

Action                     || total
---------------------------++-------
  Melee: War axe           ||    83
  Throw: Boomerang         ||    14
    Use: Scroll            ||     6
         Potion            ||     1
 Armour: Scale mail        ||    45
  Dodge: Dodged            ||    23
  Block: Buckler           ||    11

Table legend:
 A = Non-vault XP
 B = Vault XP
 C = Vault XP percentage of total XP
 D = Non-vault monster count
 E = Vault monster count
 F = Vault count percentage of total count
                 A         B        C        D         E       F
            +---------+---------+-------+---------+---------+-------
      Total |      65 |      10 |  13.3 |      33 |       4 |  10.8
            +---------+---------+-------+---------+---------+-------
        D:1 |      25 |      10 |  28.6 |      15 |       4 |  21.1
        D:2 |      40 |       0 |   0.0 |      18 |       0 |   0.0
            +---------+---------+-------+---------+---------+-------
